 Dungeon Crawl Stone Soup version 0.29.0-7-g18a832c13a (webtiles) character file.

Game seed: 7113434090636941034

186 Arum the Digger (level 5, -12/35 HPs)
             Began as a Formicid Earth Elementalist on Aug 31, 2022.
             Mangled by a gnoll
             ... wielding a +0 halberd
              (16 damage)
             ... on level 4 of the Dungeon.
             The game lasted 00:06:00 (3316 turns).

Arum the Digger (Formicid Earth Elementalist)       Turns: 3316, Time: 00:06:00

Health: -12/35     AC:  2    Str: 13    XL:     5   Next: 98%
Magic:  10/11      EV: 12    Int: 16    God:
Gold:   6          SH:  5    Dex: 14    Spells: 11/12 levels left

rFire   . . .      SeeInvis +   x - +1 short sword (elec)
rCold   . . .      Faith    .   (no shield)
rNeg    . . .      Spirit   .   a - +0 robe
rPois   .          Reflect  +   (helmet unavailable)
rElec   .          Harm     .   k - scarf {shadows}
rCorr   .          Rampage  .   (no gloves)
Will    .....                   (no boots)
Stlth   ++........              d - amulet of reflection
HPRegen 0.11/turn               (no ring)
MPRegen 0.12/turn               (no ring)

@: no status effects
A: permanent stasis, dig shafts and tunnels, antennae 3, four strong arms
a: Dig, Shaft Self


You were on level 4 of the Dungeon.
You visited 1 branch of the dungeon, and saw 4 of its levels.

You collected 276 gold pieces.
You spent 270 gold pieces at shops.

Inventory:

Hand Weapons
 x - a +1 short sword of electrocution (weapon)
Armour
 a - a +0 robe (worn)
 k - a scarf of shadows (worn)
 w - the +1 scale mail of Viph {rC+ Str+4}
   (You found it on level 3 of the Dungeon)

   Str:       It affects your strength (+4).
   rC:        It protects you from cold.
Magical Staves
 h - a staff of fire
Jewellery
 d - an amulet of reflection (around neck)
Wands
 u - a wand of charming (13)
Scrolls
 j - 2 scrolls of blinking
 l - 3 scrolls of noise
 o - a scroll of fear {unknown}
 p - a scroll of immolation {unknown}
 s - a scroll of fog {unknown}
 t - a scroll of enchant armour {unknown}
 v - a scroll of amnesia {unknown}
Potions
 b - a potion of magic
 c - a potion of ambrosia {unknown}
 e - a potion of haste
 f - 2 potions of resistance
 g - a potion of cancellation {unknown}
 i - a potion of curing
 m - a potion of flight {unknown}
 n - a potion of berserk rage {unknown}
 q - 2 potions of lignification


   Skills:
 - Level 1.7 Dodging
 - Level 2.4 Stealth
 * Level 4.3 Spellcasting
 + Level 1.2 Conjurations
 - Level 1.1 Transmutations
 + Level 5.4 Earth Magic


You had 11 spell levels left.
You knew the following spells:

 Your Spells              Type           Power      Damage    Failure   Level
a - Sandblast             Erth           40%        2d10      1%          1

Your spell library contained the following spells:

 Spells                   Type           Power      Damage    Failure   Level
 Passwall                 Tmut/Erth      10%        N/A       6%          2
 Stone Arrow              Conj/Erth      28%        3d8       12%         3
 Petrify                  Tmut/Erth      13%        N/A       38%         4


Dungeon Overview and Level Annotations

Branches:
Dungeon (4/15)
 Temple: D:4-7

Altars:

Shops:
D:3 *


Innate Abilities, Weirdness & Mutations

You cannot be hasted, slowed, berserked, paralysed or teleported.
You can dig through walls and to a lower floor.
You have a pair of large antennae on your head. (SInv)
Your four strong arms can wield two-handed weapons with a shield.


Message History

The gnoll hits you from afar with a +0 halberd!
The blast of sand hits the gnoll.
You kill the gnoll!
The hobgoblin shouts!
You hear a shout! x2
The hobgoblin throws a boomerang.
You reflect the boomerang off an invisible shield around you!
The boomerang closely misses the hobgoblin.
Press: ? - help, v - describe, . - travel
Here: a hobgoblin, wearing a +0 robe, wearing an amulet of reflection and quivering boomerangs (reflecting blocked projectiles)
The floor.
Unknown command.
The blast of sand reflects off an invisible shield around the hobgoblin!
The blast of sand hits you!
The hobgoblin throws a boomerang.
The boomerang hits you.
A gnoll comes into view. It is wielding a +0 halberd.
You hit the hobgoblin.
The hobgoblin is heavily wounded.
The hobgoblin hits you.
You barely miss the hobgoblin. The hobgoblin blocks your attack.
The hobgoblin is heavily wounded.
The hobgoblin drinks a potion.
The hobgoblin is healed!
The hobgoblin attacks as you move away! The hobgoblin misses you.
You hit the hobgoblin but do no damage. The hobgoblin completely misses you.
The gnoll misses you. The hobgoblin blocks your attack. The hobgoblin hits you.
* * * LOW HITPOINT WARNING * * *
The gnoll barely misses you.
Aiming: Charm
Press: ? - help, Shift-Dir - straight line, f/p - hobgoblin
Aim: a hobgoblin, wearing a +0 robe, wearing an amulet of reflection and quivering boomerangs (reflecting blocked projectiles, chance to affect: 66%)
The hobgoblin is charmed.
A gnoll comes into view. It is wielding a +0 flail.
The gnoll hits you from afar with a +0 halberd.
* * * LOW HITPOINT WARNING * * *
Unknown command.
There is an open door here.
You see here a +0 dagger.
There is a stone staircase leading up here.
The gnoll hits you from afar with a +0 halberd!
You die...

#.# #.# #.# #.#
#.#### #....###
######......#
#...##......# {{
+..{{).##g@.####
#.{.###.g......#
#{..# #).......#
#.# #....{####
#....#...# #.# .#
#....)
####.#...######.#
.# #.....
#.+...'....#.###.#
#.....
###...####.#.#...#
#.#### #####
#.#...... #.
##.#.[.##


You could see a gnoll and a friendly hobgoblin (charmed, reflecting).

Vanquished Creatures
  A hound (D:4)
  Crazy Yiuf (D:3)
  6 adders
  A gnoll (D:4)
  A worm (D:2)
  3 dart slugs
  2 orcs (D:3)
  4 ball pythons
  7 endoplasms
  2 giant cockroaches
  4 goblins
  6 hobgoblins
  6 kobolds
  A quokka (D:1)
  3 bats
  3 frilled lizards
  6 rats
57 creatures vanquished.

Notes
Turn   | Place    | Note
-------+----------+-------------------------------------------
     0 | D:1      | Arum the Formicid Earth Elementalist began the quest for
                  | the Orb.
     0 | D:1      | Reached XP level 1. HP: 13/13 MP: 3/3
   174 | D:1      | Reached XP level 2. HP: 17/19 MP: 1/5
   221 | D:1      | Reached skill level 4 in Earth Magic
   610 | D:1      | Reached XP level 3. HP: 24/24 MP: 5/7
  1851 | D:2      | Reached XP level 4. HP: 30/30 MP: 6/8
  2154 | D:3      | Identified the +1 scale mail of Viph {rC+ Str+4}
  2211 | D:3      | Found a faded altar of an unknown god.
  2216 | D:3      | Reached skill level 5 in Earth Magic
  2379 | D:3      | Found Tequuhen's Assorted Antiques.
  2389 | D:3      | Bought a yellow potion for 18 gold pieces
  2529 | D:3      | Found a runed translucent door.
  2530 | D:3      | Noticed Crazy Yiuf
  2542 | D:3      | Killed Crazy Yiuf
  2543 | D:3      | Reached XP level 5. HP: 27/35 MP: 5/10
  3124 | D:4      | Reached skill level 1 in Conjurations
  3259 | D:3      | Bought a crooked runed staff for 252 gold pieces
  3316 | D:4      | Mangled by a gnoll

Illustrated notes

Levels and vault maps discovered:
D:1:      dpeg_arrival_rooms_c, layout_loops_ring
D:2:      layout_basic, serial_park_tiny_pond
D:3:      layout_basic, dreamdust_ecumenical_altar_angels_and_demons,
          serial_shops, nicolae_shop_waterfront, uniq_crazy_yiuf_cottage
D:4:      kennysheep_kobold_camp, layout_basic, uniq_robin

Skill      XL: |  1  2  3  4  5 |
---------------+----------------+-----
Earth Magic    | 4 5 |  5.4
Spellcasting   | 3 4 |  4.3
Conjurations   | 1 |  1.2
Dodging        | |  1.7
Stealth        | |  2.4
Transmutations | |  1.1

Action                   |  1- 3 |  4- 6 || total
-------------------------+-------+-------++-------
Melee: Unarmed           |    18 |       ||    18
       Punch             |     1 |     1 ||     2
       Short sword       |     1 |    18 ||    19
 Cast: Sandblast         |    43 |    41 ||    84
Evoke: Wand              |       |     1 ||     1
  Use: Scroll            |       |     7 ||     7
Armor: Robe              |     3 |     5 ||     8
Dodge: Dodged            |    16 |    24 ||    40
Block: Other             |     8 |     7 ||    15
       Reflection        |       |     1 ||     1
